 Dungeon Crawl Stone Soup version 0.28-a0-580-ga2639ab843 (webtiles) character file.

Game seed: 7529665071272001120

757 a11behringer the Spear-Bearer (level 7, 0/52 HPs)
             Began as a Merfolk Berserker on Oct 3, 2021.
             Was a Priest of Trog.
             Succumbed to a water moccasin's poison
             ... on level 5 of the Dungeon.
             The game lasted 00:19:43 (5000 turns).

a11behringer the Spear-Bearer (Merfolk Berserker)   Turns: 5000, Time: 00:19:43

Health: 0/52       AC:  3    Str: 24    XL:     7   Next: 79%
Magic:  7/7        EV: 12    Int:  6    God:    Trog [***...]
Gold:   139        SH:  0    Dex: 15    Spells: 6/6 levels left

rFire   . . .      SeeInvis .   a - +0 spear
rCold   . . .      Faith    .   (no shield)
rNeg    . . .      Spirit   .   b - +0 animal skin
rPois   .          Reflect  .   d - +1 hat
rElec   .          Harm     .   (no cloak)
rCorr   .          Rampage  .   (no gloves)
Will    .....                   (no boots)
Stlth   +.........              (no amulet)
HPRegen 0.17/turn               o - +6 ring of strength
MPRegen 0.10/turn               (no ring)

@: lethally poisoned (0 -> -5)
A: (nimble swimmer 2), mertail
a: Renounce Religion, Berserk, Trog's Hand


You were on level 5 of the Dungeon.
You worshipped Trog.
Trog was most pleased with you.
You visited 1 branch of the dungeon, and saw 7 of its levels.
You also visited: Sewer.

You collected 139 gold pieces.

Inventory:

Hand Weapons
 a - a +0 spear (weapon)
 q - a +1 trident
Missiles
 g - 11 boomerangs (quivered)
 k - 20 bolts
Armour
 b - a +0 animal skin (worn)
 d - a +1 hat (worn)
 r - a +0 chain mail
 s - a +0 leather armour
Jewellery
 h - a ring of ice
 n - an amulet of magic regeneration
 o - a +6 ring of strength (left hand)
Scrolls
 l - a scroll of noise {unknown}
 p - a scroll of identify
 t - a scroll of fear
 v - 3 scrolls of fog
Potions
 c - 2 potions of might {unknown}
 e - a potion of resistance
 f - a potion of haste {unknown}
 i - a potion of invisibility {unknown}
 j - 4 potions of curing
 m - 3 potions of heal wounds
 u - a potion of brilliance {unknown}


   Skills:
 - Level 3.2 Fighting
 + Level 12.6 Polearms
 - Level 1.3 Armour
 - Level 2.6 Dodging


You had 6 spell levels left.
You didn't know any spells.
Your spell library was empty.

Dungeon Overview and Level Annotations

Branches:
Dungeon (7/15)              Sewer (visited)
 Temple: D:4-7

Altars:
Nemelex Xobeh

Shops:
D:2 *(

Annotations:
D:6 1 transporter, MikuNakano's ghost, novice SpEn


Innate Abilities, Weirdness & Mutations

((You are quick and stealthy near water. (Stealth+, EV+, Speed+++)))
Your lower body shifts to a powerful aquatic tail in water.


Message History

You feel very sick.
You barely miss the water moccasin.
The water moccasin is moderately wounded.
You feel sick. The water moccasin closely misses you.
You hit the water moccasin.
The water moccasin is moderately wounded.
You feel sick.
The water moccasin bites you but does no damage.
You closely miss the water moccasin.
The water moccasin is moderately wounded.
You feel sick.
You hit the water moccasin but do no damage.
The water moccasin is moderately wounded.
You feel sick. The water moccasin barely misses you.
You hit the water moccasin.
The water moccasin is moderately wounded.
You feel sick. The water moccasin bites you!
* * * LOW HITPOINT WARNING * * *
You miss the water moccasin.
The water moccasin is moderately wounded.
You feel sick.
You hit the water moccasin.
The water moccasin is heavily wounded.
You feel sick. The water moccasin closely misses you.
You closely miss the water moccasin.
The water moccasin is heavily wounded.
You feel sick. The water moccasin bites you.
* * * LOW HITPOINT WARNING * * *
You barely miss the water moccasin.
The water moccasin is heavily wounded.
* * * LOW HITPOINT WARNING * * *
You feel sick. The water moccasin bites you.
* * * LOW HITPOINT WARNING * * *
You puncture the water moccasin!
The water moccasin is severely wounded.
* * * LOW HITPOINT WARNING * * *
You feel sick.
You hit the water moccasin.
The water moccasin is severely wounded.
You die...

#.........#
+.........+
#.........#
#.......# #.....#
##...## ##'## #S#
#@# #####.###
#.......# #
#.#.....#
#.####.#.....###
#.......>........
######.#...#.####
#.###.#.# #..
....#


You could see a water moccasin.

Vanquished Creatures
  The ghost of barkas the Skirmisher, an amateur NaWn (D:3)
  Purgy (Sewer)
  A scorpion (D:7)
  A water moccasin skeleton (D:7)
  A centaur skeleton (D:6)
  A hound (D:5)
  An orc priest (D:7)
  A bullfrog skeleton (D:4)
  An iguana (D:6)
  2 orc wizards (D:7)
  3 adders (D:4)
  A white imp (D:7)
  3 dart slugs
  13 orcs
  6 ball pythons
  10 endoplasms
  8 giant cockroaches
  6 goblins
  5 hobgoblins
  5 jackals
  9 kobolds
  4 quokkas
  5 bats
  3 frilled lizards
  6 rats
98 creatures vanquished.

Notes
Turn   | Place    | Note
-------+----------+-------------------------------------------
     0 | D:1      | a11behringer the Merfolk Berserker began the quest for the
                  | Orb.
     0 | D:1      | Reached XP level 1. HP: 18/18 MP: 1/1
    36 | D:1      | Reached skill level 5 in Polearms
   149 | D:1      | Reached XP level 2. HP: 17/24 MP: 2/2
   801 | D:1      | Reached skill level 6 in Polearms
   801 | D:1      | Reached XP level 3. HP: 29/29 MP: 3/3
   945 | D:1      | Reached ** piety under Trog
  1266 | D:2      | Found Zilauq's Assorted Antiques.
  1291 | D:2      | Found Qeohij's Weapon Shoppe.
  1338 | D:2      | Found a faded altar of an unknown god.
  2071 | D:3      | Found a runed translucent door.
  2087 | D:3      | Noticed barkas's ghost (amateur NaWn)
  2229 | D:3      | Reached XP level 4. HP: 35/35 MP: 4/4
  2248 | D:3      | Reached skill level 7 in Polearms
  3074 | D:3      | Killed barkas's ghost
  3075 | D:3      | Reached skill level 10 in Polearms
  3075 | D:3      | Reached XP level 5. HP: 37/41 MP: 5/5
  3075 | D:3      | Reached XP level 6. HP: 43/47 MP: 6/6
  3503 | D:4      | Found a glowing drain.
  3532 | D:4      | Reached *** piety under Trog
  3542 | Sewer    | Entered a sewer
  3769 | Sewer    | Noticed Purgy
  3782 | Sewer    | Killed Purgy
  3783 | Sewer    | Reached skill level 11 in Polearms
  3783 | Sewer    | Reached XP level 7. HP: 23/52 MP: 7/7
  4134 | D:4      | You fall into a shaft and drop 3 floors!
  4538 | D:7      | Reached skill level 12 in Polearms
  4598 | D:6      | Found a sparkling altar of Nemelex Xobeh.
  4906 | D:6      | Noticed MikuNakano's ghost (novice SpEn)
  4909 | D:6      | Found a transporter.
  4951 | D:5      | Entered Level 5 of the Dungeon
  4998 | D:5      | HP: 2/52 [water moccasin (5)]
  5000 | D:5      | Succumbed to a water moccasin's poison

Illustrated notes

Levels and vault maps discovered:
D:1:      ebering_trefoil_3fold, layout_rooms, minmay_pentomino_s4
D:2:      layout_rooms, shapermc_ecumenical_altar_ellora, serial_shops,
          nicolae_shop_statue_plus, nicolae_shop_trees, st_stairs_13
D:3:      layout_basic, ebering_ghost_reflecting_pool, st_stairs_1,
          chequers_serial_rivers_large_a
D:4:      layout_rooms, grunt_temple_overflow_bloody_war, gup_sewer_entry_glass,
          hangedman_abyss_or_decor_stagger, uniq_eustachio
D:5:      layout_loops_corners, minmay_temple_entry_fiery, st_stairs_6
D:6:      layout_loops_ring, nicolae_overflow_hidden_temple,
          gammafunk_ghost_arena
D:7:      layout_loops_cross

Skill      XL: |  1  2  3  4  5  6  7 |
---------------+----------------------+-----
Polearms       | 5 6 10 11 12 | 12.6
Fighting       | |  3.2
Armour         | |  1.3
Dodging        | |  2.6

Action                   |  1- 3 |  4- 6 |  7- 9 || total
-------------------------+-------+-------+-------++-------
Melee: Spear             |   164 |   105 |   132 ||   401
Invok: Berserk           |       |     3 |     1 ||     4
       Trog's Hand       |       |     3 |     1 ||     4
  Use: Scroll            |     3 |     4 |     4 ||    11
 Stab: Sleeping          |     3 |     3 |       ||     6
Armor: Animal skin       |    46 |    23 |    11 ||    80
Dodge: Dodged            |    96 |    58 |    36 ||   190

Table legend: (Time is in decaauts)
 A = Elapsed time spent in this place.
 B = Non-inter-level travel time spent in this place.
 C = Inter-level travel time spent in this place.
 D = Time resting spent in this place.
 E = Time spent auto-exploring this place.
 F = Levels seen in this place.
 G = Mean time per level.
                   A        B        C        D        E       F      G
               +--------+--------+--------+--------+--------+-----+--------+
         Total |   4872 |   3920 |    952 |      0 |   3038 |   8 |  609.0 |
       Dungeon |   4414 |   3462 |    952 |      0 |   2710 |   7 |  630.6 |
         Sewer |    458 |    458 |      0 |      0 |    327 |   1 |  458.0 |
               +--------+--------+--------+--------+--------+-----+--------+

Top non-repeatable levels by time:
     D:3: 1686 daAuts
     D:1: 1010 daAuts
     D:2: 573 daAuts
   Sewer: 458 daAuts
     D:6: 393 daAuts
     D:7: 388 daAuts
     D:4: 325 daAuts
     D:5: 37 daAuts
